 Dungeon Crawl Stone Soup version 0.28-a0-447-g1f95980246 (webtiles) character file.

Game seed: 2219123812448760188

35 Sweetruy1997 the Chopper (level 3, 0/29 HPs)
             Began as a Demonspawn Chaos Knight on Sept 12, 2021.
             Was a Plaything of Xom.
             Slain by an adder (1 damage)
             ... on level 2 of the Dungeon.
             The game lasted 00:02:33 (1323 turns).

Sweetruy1997 the Chopper (Demonspawn Chaos Knight)  Turns: 1323, Time: 00:02:34

Health: 0/29       AC:  5    Str: 12    XL:     3   Next: 16%
Magic:  3/3        EV: 11    Int: 14    God:    Xom [.*....]
Gold:   17         SH:  0    Dex: 12    Spells: 0/2 levels left

rFire   . . .      SeeInvis .   a - +0 hand axe (chaos)
rCold   . . .      Faith    .   (no shield)
rNeg    . . .      Spirit   .   b - +2 leather armour
rPois   .          Reflect  .   (helmet restricted)
rElec   .          Harm     .   (no cloak)
rCorr   .          Rampage  .   (no gloves)
Will    .....                   (no boots)
Stlth   +.........              (no amulet)
HPRegen 0.09/turn               (no ring)
MPRegen 0.08/turn               (no ring)

@: no status effects
A: demonic magic 1, beak
a: Renounce Religion


You were on level 2 of the Dungeon.
You worshipped Xom.
You were a plaything of Xom.
You visited 1 branch of the dungeon, and saw 2 of its levels.

You collected 17 gold pieces.

Inventory:

Hand Weapons
 a - a +0 hand axe of chaos (weapon)
Armour
 b - a +2 leather armour (worn)
Scrolls
 c - a scroll of noise {unknown}
 d - a scroll of magic mapping {unknown}


   Skills:
 + Level 3.2 Fighting
 + Level 3.6 Axes
 + Level 1.9 Armour
 + Level 0.9 Dodging


You couldn't memorise any spells.
You knew the following spells:

 Your Spells              Type           Power      Damage    Failure   Level
a - Corpse Rot            Necr/Air       N/A        N/A       50%         2

Your spell library contained the following spells:

 Spells                   Type           Power      Damage    Failure   Level
 Poisonous Vapours        Pois/Air       0%         N/A       50%         2


Dungeon Overview and Level Annotations

Branches:
Dungeon (2/15)

Altars:


Innate Abilities, Weirdness & Mutations

Spells you cast may paralyse adjacent enemies.
You have a beak for a mouth.


Message History

Confirm with . or Enter, or press ? or * to list all spells.
The spell is quite dangerous to cast (50% risk of failure)!
Continue anyway?
You smell decay.
Malevolent energies surge around you.
Magic restored.
You see here a jackal skeleton.
There is a stone staircase leading down here.
An adder comes into view.
Found a hunting sling.
The adder hisses angrily.
You hit the adder but do no damage. The adder bites you but does no damage.
You barely miss the adder. The adder completely misses you. x2
You miss the adder. The adder bites you.
You barely miss the adder. The adder closely misses you.
The adder barely misses you.
You hit the adder.
The adder flickers and vanishes!
Deactivating autopickup; reactivate with Ctrl-A.
Xom is amused.
Something bites you but does no damage.
No target in view!
You miss something. Something bites you. x2
You are poisoned.
Something poisons you!
You miss something.
You feel sick. Something bites you but does no damage.
You barely miss something.
You feel sick. Something bites you but does no damage.
You barely miss something.
You feel sick. Something bites you but does no damage. Something bites you.
You miss something. You peck something.
You feel sick.
You are no longer poisoned.
Something bites you but does no damage.
You barely miss something. Something bites you.
* * * LOW HITPOINT WARNING * * *
Something bites you.
* * * LOW HITPOINT WARNING * * *
You completely miss something. Something bites you but does no damage.
You hit something. You burn something. Something bites you.
* * * LOW HITPOINT WARNING * * *
Something bites you.
You die... "Boring in life, boring in death..."

#.# #.# #.#
#.#############
####.#...........#
.....>.#########.#
.....#.# #.#
..#..#.# #.#
รท.#.##.# #@#
.......# #{#
....#### #.#
........ #.#
...####. #.# #+##
.). #.# #.#


There were no monsters in sight!

Vanquished Creatures
  5 dart slugs (D:1)
  2 ball pythons (D:1)
  2 endoplasms (D:1)
  A goblin (D:1)
  3 hobgoblins (D:1)
  3 jackals (D:2)
  3 bats (D:1)
  A kobold (D:1)
  A rat (D:1)
21 creatures vanquished.

Vanquished Creatures (collateral kills)
  An endoplasm (D:1)
1 creature vanquished.

Grand Total: 22 creatures vanquished

Notes
Turn   | Place    | Note
-------+----------+-------------------------------------------
     0 | D:1      | Sweetruy1997 the Demonspawn Chaos Knight began the quest
                  | for the Orb.
     0 | D:1      | Reached XP level 1. HP: 18/18 MP: 1/1
   191 | D:1      | XOM: blink monster(s)
   199 | D:1      | Gained mutation: Spells you cast may paralyse adjacent
                  | enemies. [demonic ancestry]
   199 | D:1      | Reached XP level 2. HP: 17/24 MP: 2/2
   495 | D:1      | XOM: 2-stop teleportation journey
   757 | D:1      | XOM: give mutation
   757 | D:1      | Gained mutation: You have a beak for a mouth. [Xom's grace]
   819 | D:1      | XOM: scenery: 1 doors open
   995 | D:1      | XOM: confuse monster(s)
  1003 | D:1      | Reached XP level 3. HP: 22/29 MP: 3/3
  1081 | D:1      | Learned a level 2 spell: Corpse Rot
  1323 | D:2      | HP: 1/29 [something (4)]
  1323 | D:2      | Slain by an adder

Illustrated notes

Levels and vault maps discovered:
D:1:      lemuel_arrival_behind_the_door_large, layout_basic
D:2:      layout_basic, shapermc_ecumenical_altar_petra,
          minmay_gold_behind_fungi

Skill      XL: |  1 |
---------------+----+-----
Axes           | 3 |  3.6
Fighting       | |  3.2
Armour         | |  1.9
Dodging        | |  0.9

Action                   || total
-------------------------++-------
Melee: Hand axe          ||    61
       Peck              ||     5
 Cast: Corpse Rot        ||     1
Armor: Leather armour    ||    17
Dodge: Dodged            ||    35

Table legend: (Time is in decaauts)
 A = Elapsed time spent in this place.
 B = Non-inter-level travel time spent in this place.
 C = Inter-level travel time spent in this place.
 D = Time resting spent in this place.
 E = Time spent auto-exploring this place.
 F = Levels seen in this place.
 G = Mean time per level.
                   A        B        C        D        E       F      G
               +--------+--------+--------+--------+--------+-----+--------+
         Total |   1330 |   1327 |      3 |    125 |   1036 |   2 |  665.0 |
       Dungeon |   1330 |   1327 |      3 |    125 |   1036 |   2 |  665.0 |
               +--------+--------+--------+--------+--------+-----+--------+

Top non-repeatable levels by time:
     D:1: 1246 daAuts
     D:2: 84 daAuts
